 Dungeon Crawl Stone Soup version 0.31-a0-237-g2d982f9f85 (webtiles) character file.

Game seed: 12866566310665189672

21 qw the Shooter (level 2, -2/17 HPs)
             Began as a Gargoyle Hexslinger on July 10, 2023.
             Slain by a worm (7 damage)
             ... on level 2 of the Dungeon.
             The game lasted 00:00:24 (1008 turns).

qw the Shooter (Gargoyle Hexslinger)                Turns: 1008, Time: 00:00:24

Health: -2/17      AC:  4    Str: 11    XL:     2   Next: 87%
Magic:  3/3        EV: 12    Int: 13    God:
Gold:   97         SH:  0    Dex: 12    Spells: 2/3 levels left

rFire   . . .        Y - +1 sling
rCold   . . .        (no shield)
rNeg    + . .        c - +0 robe
rPois   inf          (no helmet)
rElec   +            (no cloak)
rCorr   .            (no gloves)
SInv    .            (no boots)
Will    .....        (no amulet)
Stlth   +            (no ring)
HPRegen 0.22/turn    (no ring)
MPRegen 0.08/turn

%: no passive effects
@: no status effects
A: sickness immunity, AC +2, negative energy resistance 1, electricity
resistance, torment resistance 1, petrification resistance
a: no special abilities


You were on level 2 of the Dungeon.
You visited 1 branch of the dungeon, and saw 2 of its levels.

You collected 97 gold pieces.


Innate Abilities, Weirdness & Mutations

You are immune to sickness and miasma.
Your stone body is resilient. (AC +2)
You are immune to poison.
You resist negative energy. (rN+)
You are resistant to electric shocks. (rElec)
You are resistant to unholy torment.
You are immune to petrification.


   Skills:
 + Level 1.8 Fighting
 - Level 3.0 Ranged Weapons
 - Level 1.5 Dodging
 - Level 1.0 Spellcasting
 - Level 2.6 Hexes


You had 2 spell levels left.
You knew the following spells:

 Your Spells              Type           Power      Damage    Failure   Level
a - Slow                  Hex            28%        N/A       10%         1

Your spell library contained the following spells:

 Spells                   Type           Power      Damage    Failure   Level
 Inner Flame              Hex/Fire       4%         N/A       43%         3
 Portal Projectile        Hex/Tloc       8%         N/A       43%         3
 Cause Fear               Hex            3%         N/A       67%         4

Inventory:

Hand Weapons
 Y - a +1 sling (weapon)
Armour
 c - a +0 robe (worn)
Scrolls
 a - a scroll of brand weapon {unknown}
 b - a scroll of enchant weapon {unknown}
Potions
 i - a potion of curing {unknown}

Dungeon Overview and Level Annotations

Branches:
Dungeon (2/15)

Altars:


Message History

You open the door.
There is an open door here.
You open the door.
There is an open door here.
You now have 97 gold pieces (gained 13).
You open the door.
A worm comes into view.
Found a stone staircase leading down.
You shoot a sling bullet. The sling bullet hits the worm.
The worm is moderately wounded.
You shoot a sling bullet. The sling bullet hits the worm.
The worm is heavily wounded.
The worm bites you!
You shoot a sling bullet.
The sling bullet hits the worm but does no damage.
The worm is moderately wounded.
The worm bites you.
You shoot a sling bullet.
The sling bullet barely misses the worm.
The worm closely misses you.
You shoot a sling bullet. The sling bullet hits the worm.
The worm is moderately wounded.
You shoot a sling bullet.
The sling bullet completely misses the worm.
The worm bites you.
You shoot a sling bullet.
The sling bullet barely misses the worm.
The worm barely misses you.
You shoot a sling bullet. The sling bullet hits the worm.
The worm is moderately wounded.
The worm misses you.
You shoot a sling bullet.
The sling bullet completely misses the worm.
The worm bites you but does no damage.
You shoot a sling bullet. The sling bullet hits the worm.
The worm is heavily wounded.
You shoot a sling bullet. The sling bullet hits the worm.
The worm is heavily wounded.
The worm bites you!
You die...

########### #.........#
#.........#
#######.........########
.....>w@...............#
#####.#.........######.#
# #.........'....#.#
#.........####.#.#
#.........+...<#.#
#.........####.#.#
######'#'## #.#.#
#.#.#####.#.#
...###+#.......#.#


You could see a worm.

Vanquished Creatures
  2 endoplasms (D:1)
  2 goblins (D:1)
  2 hobgoblins
  4 jackals (D:1)
  A quokka (D:1)
  4 ball pythons (D:1)
  A bat (D:1)
  3 rats (D:1)
19 creatures vanquished.

Notes
Turn   | Place    | Note
-------+----------+-------------------------------------------
     0 | D:1      | qw the Gargoyle Hexslinger began the quest for the Orb.
     0 | D:1      | Reached XP level 1. HP: 12/12 MP: 2/2
     0 | D:1      | 0 ||| qw: Version: 0.3-a-52-g30416fa
     0 | D:1      | 0 ||| qw: Game counter: 5190
     0 | D:1      | 0 ||| qw: Melee chars always use a shield: true
     0 | D:1      | 0 ||| qw: God list: Okawaru
     0 | D:1      | 0 ||| qw: Allow faded altars: false
     0 | D:1      | 0 ||| qw: Do Orc after clearing Dungeon:15 true
     0 | D:1      | 0 ||| qw: Do second Lair branch before Depths: true
     0 | D:1      | 0 ||| qw: Lair rune preference: random
     0 | D:1      | 0 ||| qw: Goals: Normal
     0 | D:1      | 0 ||| PLANNING D:1-11
   323 | D:1      | Reached XP level 2. HP: 16/16 MP: 3/3
   395 | D:1      | Reached skill level 3 in Ranged Weapons
   776 | D:1      | 776 ||| READING scroll labelled TUS TUANEI.
   777 | D:1      | 777 ||| READING scroll labelled TATZEUMOYCK.
   878 | D:1      | 878 ||| READING scroll labelled JIATOMPUOR.
   879 | D:1      | 879 ||| READING scroll labelled ACOSAF SISEXOA.
   883 | D:1      | 883 ||| READING scroll labelled VOURIFALEST.
   884 | D:1      | 884 ||| READING scroll labelled UFAIME CARPH.
   885 | D:1      | 885 ||| READING scroll labelled NOLURCH FUHU.
   886 | D:1      | 886 ||| DROPPING scroll of poison.
  1003 | D:2      | HP: 4/17 [worm (4)]
  1008 | D:2      | Slain by a worm

Levels and vault maps discovered:
D:1:      dpeg_arrival_tiny_b, layout_basic
D:2:      minmay_angry_zag, layout_basic

Skill      XL: |  1  2 |
---------------+-------+-----
Ranged Weapons | 3 |  3.0
Fighting       | |  1.8
Dodging        | |  1.5
Spellcasting   | |  1.0
Hexes          | |  2.6

Action                     || total
---------------------------++-------
   Fire: Sling             ||    96
    Use: Scroll            ||     7
 Armour: Robe              ||    15
  Dodge: Dodged            ||    30

Table legend:
 A = Non-vault XP
 B = Vault XP
 C = Vault XP percentage of total XP
 D = Non-vault monster count
 E = Vault monster count
 F = Vault count percentage of total count
                 A         B        C        D         E       F
            +---------+---------+-------+---------+---------+-------
      Total |      31 |       0 |   0.0 |      19 |       0 |   0.0
            +---------+---------+-------+---------+---------+-------
        D:1 |      29 |       0 |   0.0 |      18 |       0 |   0.0
        D:2 |       2 |       0 |   0.0 |       1 |       0 |   0.0
            +---------+---------+-------+---------+---------+-------
